 Dungeon Crawl Stone Soup version 0.26-a0-652-gafc20e3620 (webtiles) character file.

Game seed: 445453178196349014

79 MrRokkomies the Chiller (level 4, -5/25 HPs)
             Began as a Deep Elf Ice Elementalist on Oct 2, 2020.
             Splashed by Ijyb's acid (15 damage)
             ... on level 3 of the Dungeon.
             The game lasted 00:02:37 (1731 turns).

MrRokkomies the Chiller (Deep Elf Ice Elementalist) Turns: 1731, Time: 00:02:37

Health: -5/25      AC:  4    Str:  5    XL:     4   Next: 16%
Magic:  8/12       EV: 14    Int: 21    God:
Gold:   85         SH:  0    Dex: 21    Spells: 4/11 levels left

rFire    . . .     SeeInvis .   d - +0 dagger
rCold    . . .     Faith    .   (no shield)
rNeg     + . .     Spirit   .   a - +0 robe
rPois    .         Reflect  .   g - +0 helmet
rElec    .         Harm     .   (no cloak)
rCorr    .         Rampage  .   (no gloves)
MR       .....                  c - +0 pair of boots
Stlth    ++........             (no amulet)
HPRegen  0.08/turn              b - +6 ring of dexterity
MPRegen  0.13/turn              f - ring of positive energy

@: frozen ramparts
A: no striking features
a: no special abilities


You were on level 3 of the Dungeon.
You visited 1 branch of the dungeon, and saw 3 of its levels.

You collected 85 gold pieces.

Inventory:

Hand Weapons
 d - a +0 dagger (weapon)
Armour
 a - a +0 robe (worn)
 c - a +0 pair of boots (worn)
 g - a +0 helmet (worn)
Jewellery
 b - a +6 ring of dexterity (left hand)
 f - a ring of positive energy (right hand)
 m - an uncursed ring of see invisible
Scrolls
 e - a scroll of teleportation {unknown}
 i - a scroll of immolation {unknown}
 j - a scroll of random uselessness {unknown}
 k - a scroll of remove curse
 l - 2 scrolls of identify
Potions
 h - a potion of stabbing
 n - a potion of magic {unknown}
 o - a potion of might {unknown}


   Skills:
 + Level 1.0 Fighting
 + Level 3.2 Dodging
 - Level 2.4 Stealth
 * Level 4.2 Spellcasting
 * Level 5.0 Ice Magic


You had 4 spell levels left.
You knew the following spells:

 Your Spells              Type           Power        Failure   Level
a - Freeze                Ice            ####         1%          1
b - Frozen Ramparts       Ice            ####..       4%          3
c - Ozocubu's Armour      Ice            ####....     4%          3

Your spell library contained the following spells:

 Spells                   Type           Power        Failure   Level
 Hailstorm                Conj/Ice       ###.....     38%         4
 Summon Ice Beast         Ice/Summ       ###.....     38%         4


Dungeon Overview and Level Annotations

Branches:
Dungeon (2/15)

Altars:

Annotations:
D:3 Ijyb


Message History

You can't see any susceptible monsters within range! (Use Z to cast anyway.)
Casting: Freeze (safe; 1% risk of failure)
Confirm with . or Enter, or press ? or * to list all spells.
The spell is quite dangerous to cast (4% risk of failure)!
Continue anyway?
The walls around you are covered in ice.
You start resting.
Ijyb is nearby!
The wall freezes Ijyb.
Ijyb misses you.
Casting: Frozen Ramparts (quite dangerous; 4% risk of failure)
Confirm with . or Enter, or press ? or * to list all spells.
Aiming: Freeze (safe; 1% risk of failure)
Press: ? - help, Shift-Dir - straight line, f - Ijyb
Aim: Ijyb, wielding a +0 dagger, wearing a +0 chain mail and carrying a wand of acid (6) (lightly wounded)
You freeze Ijyb.
Ijyb is moderately wounded.
The wall freezes Ijyb.
Ijyb zaps a wand.
The bolt of acid hits you!
Ouch! That really hurt!
You are splashed with acid!
Ouch! That really hurt!
You die...

#......#
#......#
#####'##
####'######
#.........#
#.........#
#.........#
#.........#
#..@......#
####g######
#o# #.# ...
... ...$.
.....
o.....#


You could see Ijyb and an orc.

Vanquished Creatures
  A hound (D:2)
  2 adders (D:2)
  An ooze (D:1)
  2 dart slugs (D:1)
  2 giant cockroaches
  2 goblins (D:2)
  A hobgoblin (D:2)
  A quokka (D:3)
  A ball python (D:2)
  5 bats
  A frilled lizard (D:1)
  2 kobolds (D:2)
  2 rats (D:1)
23 creatures vanquished.

Notes
Turn   | Place    | Note
-------+----------+-------------------------------------------
     0 | D:1      | MrRokkomies the Deep Elf Ice Elementalist began the quest
                  | for the Orb.
     0 | D:1      | Reached XP level 1. HP: 10/10 MP: 6/6
   367 | D:1      | Reached XP level 2. HP: 15/15 MP: 8/8
  1258 | D:2      | Reached XP level 3. HP: 10/20 MP: 2/10
  1263 | D:2      | Learned a level 3 spell: Frozen Ramparts
  1267 | D:2      | Learned a level 3 spell: Ozocubu's Armour
  1404 | D:2      | Reached skill level 5 in Ice Magic
  1404 | D:2      | Reached XP level 4. HP: 15/24 MP: 3/12
  1684 | D:2      | You fall into a shaft and drop 1 floor!
  1690 | D:3      | Reached skill level 1 in Fighting
  1723 | D:3      | Noticed Ijyb
  1731 | D:3      | Splashed by Ijyb's acid

Illustrated notes

Levels and vault maps discovered:
D:1:      saegor_arrival_miasma, layout_loops_corners
D:2:      layout_basic
D:3:      layout_basic, nicolae_ru_path_of_blood, uniq_ijyb, uniq_sigmund,
          uniq_jessica

Skill      XL: |  1  2  3  4 |
---------------+-------------+-----
Dodging        | 3 |  3.2
Spellcasting   | 4 |  4.2
Ice Magic      | 5 |  5.0
Fighting       | 1 |  1.0
Stealth        | |  2.4

Action                   |  1- 3 |  4- 6 || total
-------------------------+-------+-------++-------
Melee: Dagger            |     7 |     8 ||    15
 Cast: Freeze            |    23 |    10 ||    33
       Frozen Ramparts   |       |     1 ||     1
  Use: Scroll            |     2 |       ||     2
 Stab: Sleeping          |     2 |     1 ||     3
Armor: Robe              |     5 |     7 ||    12
Dodge: Dodged            |    14 |    14 ||    28

Table legend: (Time is in decaauts)
 A = Elapsed time spent in this place.
 B = Non-inter-level travel time spent in this place.
 C = Inter-level travel time spent in this place.
 D = Time resting spent in this place.
 E = Time spent auto-exploring this place.
 F = Levels seen in this place.
 G = Mean time per level.
                   A        B        C        D        E       F      G
               +--------+--------+--------+--------+--------+-----+--------+
         Total |   1729 |   1668 |     61 |     59 |   1383 |   3 |  576.3 |
       Dungeon |   1729 |   1668 |     61 |     59 |   1383 |   3 |  576.3 |
               +--------+--------+--------+--------+--------+-----+--------+

Top non-repeatable levels by time:
     D:1: 1132 daAuts
     D:2: 549 daAuts
     D:3: 46 daAuts
